 Dungeon Crawl Stone Soup version 0.31-a0-532-g28f74ba3e5 (webtiles) character file.

Game seed: 11561792475390525605

9 mopl the Ruffian (level 2, 0/12 HPs)
             Began as an Octopode Shapeshifter on Aug 12, 2023.
             Slain by a quokka (4 damage)
             ... on level 1 of the Dungeon.
             The game lasted 00:00:20 (151 turns).

mopl the Ruffian (Octopode Shapeshifter)             Turns: 151, Time: 00:00:20

Health: 0/12       AC:  1    Str: 14    XL:     2   Next: 12%
Magic:  2/2        EV: 13    Int: 10    God:
Gold:   19         SH:  0    Dex: 12    Spells: 1/1 levels left

rFire   . .          .
                       - Unarmed
rCold   . . .        (shield currently unavailable)
rNeg    . . .        (helmet restricted)
rPois   .            (no amulet)
rElec   .            (no ring)
rCorr   .            (no ring)
SInv    .            (no ring)
Will    .....        (no ring)
Stlth   +            (no ring)
HPRegen 0.22/turn    (no ring)
MPRegen 0.08/turn    (no ring)
                     (no ring)

%: no passive effects
@: flux-form, glowing
A: glow, contaminating, reduced hp, almost no armour, amphibious, 8 rings,
camouflage 1, gelatinous body 1, (nimble swimmer 1), tentacles
a: Begin Untransformation


You were on level 1 of the Dungeon.
You were something dangerously unstable.
You visited 1 branch of the dungeon, and saw 1 of its levels.

You collected 19 gold pieces.

Inventory:

Talismans
 b - a beast talisman
 c - a flux talisman (active)
Potions
 a - a potion of lignification {!q}


   Skills:
 + Level 1.2 Fighting
 + Level 2.1 Dodging
 * Level 3.2 Unarmed Combat
 * Level 3.1 Shapeshifting


You had one spell level left.
You didn't know any spells.
Your spell library was empty.

Dungeon Overview and Level Annotations

Branches:
Dungeon (1/15)

Altars:


Innate Abilities, Weirdness & Mutations

You are something dangerously unstable.
You glow with magical radiation, making you easy to see and hit.
Foes you strike become dangerously contaminated with magical radiation.
Your maximum health is decreased, since you lack skill for your form.
You are incapable of wielding weapons or throwing items.
You cannot wear most types of armour.
You are amphibious.
You can wear up to eight rings at the same time.
Your skin changes colour to match your surroundings (Stealth+).
Your rubbery body absorbs attacks. (AC +1, EV +1)
((You are camouflaged when in or above water. (Stealth+)))
You have tentacles for arms and can constrict up to eight enemies at once.


Message History

The hobgoblin is lightly wounded.
You constrict the hobgoblin. The hobgoblin misses you.
You completely miss the hobgoblin.
The hobgoblin is moderately wounded.
You constrict the hobgoblin. The hobgoblin hits you.
You tentacle-slap the hobgoblin.
You kill the hobgoblin!
You have reached level 2!
You open the door.
A hobgoblin and a bat come into view.
The hobgoblin shouts!
The bat hits you.
Found 8 gold pieces.
There are monsters nearby!
You tentacle-slap the bat but do no damage.
The bat begins to glow.
You grab the bat. You constrict the bat. The bat hits you.
The bat struggles to escape constriction.
A quokka comes into view.
The bat escapes!
A goblin comes into view. It is wielding a +0 dagger.
Found a scroll labelled PIYCIK RAEDI.
The bat barely misses you.
The quokka bites you but does no damage.
The hobgoblin hits you.
The goblin moves out of view.
There is an open door here.
You are too injured to fight recklessly!
You are too injured to fight recklessly!
Unknown command.
The quokka attacks as you move away! The quokka misses you. The bat hits you.
* * * LOW HITPOINT WARNING * * *
You tentacle-slap the bat.
The bat glows dangerously bright.
Your grab misses the bat.
The bat is severely wounded.
The bat hits you but does no damage. The bat barely misses you.
You tentacle-slap the bat.
You kill the bat!
You closely miss the quokka. You grab the quokka. You squeeze the quokka.
The quokka is heavily wounded.
You constrict the quokka. The quokka bites you.
You die...

#.........#
#.........# #......
#.........# .......
#.........# .......
#.........# .......
#.>.......# ......?
##...#.#### .$...#
##....#####.....#
######.......Brg....+
#..........####.....#
#.........[# .....#
#..........### .....#
#............########
#..........#......
####..............
#.....###.........
#.................


You could see a quokka and a hobgoblin.

Vanquished Creatures
  A dart slug (D:1)
  A bat (D:1)
  A giant cockroach (D:1)
  A goblin (D:1)
  A hobgoblin (D:1)
  A rat (D:1)
6 creatures vanquished.

Notes
Turn   | Place    | Note
-------+----------+-------------------------------------------
     0 | D:1      | mopl the Octopode Shapeshifter began the quest for the Orb.
     0 | D:1      | Reached XP level 1. HP: 13/13 MP: 1/1
   138 | D:1      | Reached XP level 2. HP: 8/18 MP: 2/2
   151 | D:1      | Slain by a quokka

Illustrated notes

Levels and vault maps discovered:
D:1:      minmay_arrival_stair_chambers, layout_basic

Action                     || total
---------------------------++-------
  Melee: Unarmed           ||    14
         Constrict         ||     6
         Tentacles         ||     2
   Stab: Sleeping          ||     1
 Armour: Skin              ||     2
  Dodge: Dodged            ||    11
   Form: Flux              ||     1

Table legend: (Time is in decaauts)
 A = Elapsed time spent in this place.
 B = Non-inter-level travel time spent in this place.
 C = Inter-level travel time spent in this place.
 D = Time resting spent in this place.
 E = Time spent auto-exploring this place.
 F = Levels seen in this place.
 G = Mean time per level.
                   A        B        C        D        E       F      G
               +--------+--------+--------+--------+--------+-----+--------+
         Total |    150 |    150 |      0 |     31 |     77 |   1 |  150.0 |
       Dungeon |    150 |    150 |      0 |     31 |     77 |   1 |  150.0 |
               +--------+--------+--------+--------+--------+-----+--------+

Top non-repeatable levels by time:
     D:1: 150 daAuts
